Workbook
Name AllKamoku: 科目!$A$5:$B$20
Name InKamoku: 科目!$A$5:$A$13
Name OutKamoku: 科目!$B$5:$B$16

Sheet 使い方
A1: 収支報告書（無料版）の使い方
A3: 薄い色のセルに入力します。白いセルは自動計算です。
A5: 1. 科目シートで収入と支出の科目を決めます。
A6: 2. 現金出納帳に入出金を日付順に入れます。残高が自動で出ます。
A7: 3. 収支報告書に団体名・会計年度・前期繰越金・予算を入れると、決算は出納帳から科目ごとに集計され、次期繰越金が出ます。
A8: 4. 総会の前に監事2人が監査し、監査報告の欄に日付と署名をもらいます。
A10: Googleスプレッドシートで使う場合、ファイル > インポート > 既存のシートを置き換える、を選びます。日付とドロップダウンが残っているか確認してください。
A11: 個人・事業利用可。再配布・再販売不可。
A12: 本書は一般的なひな形です。個別の判断は専門家にご確認ください。

Sheet 収支報告書
A1: 収支報告書 | D1: FINANCIAL REPORT
A4: 団体名
A5: 会計年度
A7: 前期繰越金
A9: 収入の部 | B9: 予算 | C9: 決算 | D9: 差異（決算−予算） | E9: 備考
A10: =IF(科目!$A$5="","",科目!$A$5) -> 会費 | C10: =IF(A10="","",SUMIF(現金出納帳!$B$7:$B$306,A10,現金出納帳!$D$7:$D$306)) -> 0 | D10: =IF(A10="","",C10-N(B10)) -> 0
A11: =IF(科目!$A$6="","",科目!$A$6) -> 補助金 | C11: =IF(A11="","",SUMIF(現金出納帳!$B$7:$B$306,A11,現金出納帳!$D$7:$D$306)) -> 0 | D11: =IF(A11="","",C11-N(B11)) -> 0
A12: =IF(科目!$A$7="","",科目!$A$7) -> 寄付金 | C12: =IF(A12="","",SUMIF(現金出納帳!$B$7:$B$306,A12,現金出納帳!$D$7:$D$306)) -> 0 | D12: =IF(A12="","",C12-N(B12)) -> 0
A13: =IF(科目!$A$8="","",科目!$A$8) -> 事業収入 | C13: =IF(A13="","",SUMIF(現金出納帳!$B$7:$B$306,A13,現金出納帳!$D$7:$D$306)) -> 0 | D13: =IF(A13="","",C13-N(B13)) -> 0
A14: =IF(科目!$A$9="","",科目!$A$9) -> 雑収入 | C14: =IF(A14="","",SUMIF(現金出納帳!$B$7:$B$306,A14,現金出納帳!$D$7:$D$306)) -> 0 | D14: =IF(A14="","",C14-N(B14)) -> 0
A15: =IF(科目!$A$10="","",科目!$A$10) | C15: =IF(A15="","",SUMIF(現金出納帳!$B$7:$B$306,A15,現金出納帳!$D$7:$D$306)) | D15: =IF(A15="","",C15-N(B15))
A16: =IF(科目!$A$11="","",科目!$A$11) | C16: =IF(A16="","",SUMIF(現金出納帳!$B$7:$B$306,A16,現金出納帳!$D$7:$D$306)) | D16: =IF(A16="","",C16-N(B16))
A17: =IF(科目!$A$12="","",科目!$A$12) | C17: =IF(A17="","",SUMIF(現金出納帳!$B$7:$B$306,A17,現金出納帳!$D$7:$D$306)) | D17: =IF(A17="","",C17-N(B17))
A18: =IF(科目!$A$13="","",科目!$A$13) | C18: =IF(A18="","",SUMIF(現金出納帳!$B$7:$B$306,A18,現金出納帳!$D$7:$D$306)) | D18: =IF(A18="","",C18-N(B18))
A19: 前期繰越金 | B19: =N(D7) -> 0 | C19: =N(D7) -> 0
A20: 収入合計 | B20: =SUM(B10:B19) -> 0 | C20: =SUM(C10:C19) -> 0
A22: 支出の部 | B22: 予算 | C22: 決算 | D22: 差異（決算−予算） | E22: 備考
A23: =IF(科目!$B$5="","",科目!$B$5) -> 事業費 | C23: =IF(A23="","",SUMIF(現金出納帳!$B$7:$B$306,A23,現金出納帳!$E$7:$E$306)) -> 0 | D23: =IF(A23="","",C23-N(B23)) -> 0
A24: =IF(科目!$B$6="","",科目!$B$6) -> 会議費 | C24: =IF(A24="","",SUMIF(現金出納帳!$B$7:$B$306,A24,現金出納帳!$E$7:$E$306)) -> 0 | D24: =IF(A24="","",C24-N(B24)) -> 0
A25: =IF(科目!$B$7="","",科目!$B$7) -> 事務費 | C25: =IF(A25="","",SUMIF(現金出納帳!$B$7:$B$306,A25,現金出納帳!$E$7:$E$306)) -> 0 | D25: =IF(A25="","",C25-N(B25)) -> 0
A26: =IF(科目!$B$8="","",科目!$B$8) -> 通信費 | C26: =IF(A26="","",SUMIF(現金出納帳!$B$7:$B$306,A26,現金出納帳!$E$7:$E$306)) -> 0 | D26: =IF(A26="","",C26-N(B26)) -> 0
A27: =IF(科目!$B$9="","",科目!$B$9) -> 慶弔費 | C27: =IF(A27="","",SUMIF(現金出納帳!$B$7:$B$306,A27,現金出納帳!$E$7:$E$306)) -> 0 | D27: =IF(A27="","",C27-N(B27)) -> 0
A28: =IF(科目!$B$10="","",科目!$B$10) -> 備品費 | C28: =IF(A28="","",SUMIF(現金出納帳!$B$7:$B$306,A28,現金出納帳!$E$7:$E$306)) -> 0 | D28: =IF(A28="","",C28-N(B28)) -> 0
A29: =IF(科目!$B$11="","",科目!$B$11) -> 予備費 | C29: =IF(A29="","",SUMIF(現金出納帳!$B$7:$B$306,A29,現金出納帳!$E$7:$E$306)) -> 0 | D29: =IF(A29="","",C29-N(B29)) -> 0
A30: =IF(科目!$B$12="","",科目!$B$12) | C30: =IF(A30="","",SUMIF(現金出納帳!$B$7:$B$306,A30,現金出納帳!$E$7:$E$306)) | D30: =IF(A30="","",C30-N(B30))
A31: =IF(科目!$B$13="","",科目!$B$13) | C31: =IF(A31="","",SUMIF(現金出納帳!$B$7:$B$306,A31,現金出納帳!$E$7:$E$306)) | D31: =IF(A31="","",C31-N(B31))
A32: =IF(科目!$B$14="","",科目!$B$14) | C32: =IF(A32="","",SUMIF(現金出納帳!$B$7:$B$306,A32,現金出納帳!$E$7:$E$306)) | D32: =IF(A32="","",C32-N(B32))
A33: =IF(科目!$B$15="","",科目!$B$15) | C33: =IF(A33="","",SUMIF(現金出納帳!$B$7:$B$306,A33,現金出納帳!$E$7:$E$306)) | D33: =IF(A33="","",C33-N(B33))
A34: =IF(科目!$B$16="","",科目!$B$16) | C34: =IF(A34="","",SUMIF(現金出納帳!$B$7:$B$306,A34,現金出納帳!$E$7:$E$306)) | D34: =IF(A34="","",C34-N(B34))
A35: 支出合計 | B35: =SUM(B23:B34) -> 0 | C35: =SUM(C23:C34) -> 0
A36: 次期繰越金 | B36: =B20-B35 -> 0 | C36: =C20-C35 -> 0 | E36: 収入合計 − 支出合計
A38: 監査報告
A39: 上記のとおり、帳簿、領収書その他の関係書類を監査した結果、適正に処理されていることを認めます。
A40: 監査日
A41: 監事1 | E41: 印
A42: 監事2 | E42: 印
A44: そろばんノート テンプレート v2026.10 ｜ sorobannote.com ｜ 一般的なひな形です。個別の判断は専門家へ。

Sheet 科目
A1: 科目 | B1: ACCOUNTS
A4: 収入の科目 | B4: 支出の科目
A5: 会費 | B5: 事業費
A6: 補助金 | B6: 会議費
A7: 寄付金 | B7: 事務費
A8: 事業収入 | B8: 通信費
A9: 雑収入 | B9: 慶弔費
B10: 備品費
B11: 予備費
A19: そろばんノート テンプレート v2026.10 ｜ sorobannote.com ｜ 一般的なひな形です。個別の判断は専門家へ。

Sheet 現金出納帳
A1: 現金出納帳 | E1: CASH BOOK
A4: 前期繰越金 | B4: =N(収支報告書!$D$7) -> 0
A6: 日付 | B6: 科目 | C6: 摘要 | D6: 収入 | E6: 支出 | F6: 残高
F7: =IF(AND(D7="",E7=""),$B$4,$B$4+N(D7)-N(E7)) -> 0
F8: =IF(AND(D8="",E8=""),F7,F7+N(D8)-N(E8)) -> 0
F9: =IF(AND(D9="",E9=""),F8,F8+N(D9)-N(E9)) -> 0
F10: =IF(AND(D10="",E10=""),F9,F9+N(D10)-N(E10)) -> 0
F11: =IF(AND(D11="",E11=""),F10,F10+N(D11)-N(E11)) -> 0
F12: =IF(AND(D12="",E12=""),F11,F11+N(D12)-N(E12)) -> 0
F13: =IF(AND(D13="",E13=""),F12,F12+N(D13)-N(E13)) -> 0
F14: =IF(AND(D14="",E14=""),F13,F13+N(D14)-N(E14)) -> 0
F15: =IF(AND(D15="",E15=""),F14,F14+N(D15)-N(E15)) -> 0
F16: =IF(AND(D16="",E16=""),F15,F15+N(D16)-N(E16)) -> 0
F17: =IF(AND(D17="",E17=""),F16,F16+N(D17)-N(E17)) -> 0
F18: =IF(AND(D18="",E18=""),F17,F17+N(D18)-N(E18)) -> 0
F19: =IF(AND(D19="",E19=""),F18,F18+N(D19)-N(E19)) -> 0
... F306: =IF(AND(D306="",E306=""),F305,F305+N(D306)-N(E306)) -> 0
A308: そろばんノート テンプレート v2026.10 ｜ sorobannote.com ｜ 一般的なひな形です。個別の判断は専門家へ。

Sheet 変更履歴
A1: 版 | B1: 内容
A2: v2026.10 | B2: 初版（2026-10-15）。
